 Dungeon Crawl Stone Soup version 0.29.1-1-gd02db6906a (webtiles) character file.

Game seed: 1198972071111567370

277 KamiKatze the Conjurer (level 6, -5/36 HPs)
             Began as an Octopode Conjurer on Sept 19, 2022.
             Killed from afar by a gnoll (11 damage)
             ... with an iceblast
             ... led by a gnoll bouda
             ... on level 5 of the Dungeon.
             The game lasted 00:16:47 (4152 turns).

KamiKatze the Conjurer (Octopode Conjurer)          Turns: 4152, Time: 00:16:47

Health: -5/36      AC:  1    Str: 13    XL:     6   Next: 26%
Magic:  5/11       EV: 13    Int: 22    God:
Gold:   80         SH:  0    Dex:  8    Spells: 0/11 levels left

rFire   . . .      SeeInvis .   g - +1 dagger (freeze)
rCold   + . .      Faith    .   (no shield)
rNeg    . . .      Spirit   .   (helmet restricted)
rPois   .          Reflect  .   (no amulet)
rElec   .          Harm     .   d - +6 ring of strength
rCorr   .          Rampage  .   (no ring)
Will    .....                   (no ring)
Stlth   +++.......              (no ring)
HPRegen 0.12/turn               (no ring)
MPRegen 0.12/turn               (no ring)
                                (no ring)
                                (no ring)

@: weakened, studying Stealth
A: almost no armour, amphibious, 8 rings, camouflage 1, gelatinous body 1,
(nimble swimmer 1), tentacles, antennae 1, clumsy 1, cold resistance 1,
evolution 1
a: no special abilities


You were on level 5 of the Dungeon.
You visited 1 branch of the dungeon, and saw 5 of its levels.

You collected 212 gold pieces.
You spent 132 gold pieces at shops.

Inventory:

Hand Weapons
 g - a +1 dagger of freezing (weapon)
Missiles
 c - 8 poisoned darts (quivered)
Jewellery
 d - a +6 ring of strength (left tentacle)
Wands
 m - a wand of flame (19)
Scrolls
 i - 3 scrolls of magic mapping
 k - 4 scrolls of teleportation
 n - a scroll of silence {unknown}
 o - a scroll of enchant armour {unknown}
Potions
 a - 3 potions of magic
 b - a potion of berserk rage
 e - 4 potions of curing
 f - a potion of might
 h - 3 potions of heal wounds
 j - a potion of flight
 l - a potion of ambrosia


   Skills:
 - Level 2.0 Throwing
 + Level 2.8 Dodging
 - Level 4.0 Stealth
 * Level 3.4 Spellcasting
 + Level 4.5 Conjurations
 + Level 1.8 Hexes
 + Level 1.9 Translocations


You couldn't memorise any spells.
You knew the following spells:

 Your Spells              Type           Power      Damage    Failure   Level
a - Magic Dart            Conj           92%        1d7       1%          1
b - Searing Ray           Conj           46%        2d6       2%          2
c - Fulminant Prism       Conj/Hex       8%         3d7       32%         4
d - Iskenderun's Mystic   Conj/Tloc      18%        2d6       30%         4

Your spell library contained the following spells:

 Spells                   Type           Power      Damage    Failure   Level
 Dazzling Flash           Conj/Hex       34%        N/A       10%         3
 Call Imp                 Summ           3%         N/A       19%         2
 Mephitic Cloud           Conj/Pois/Air  10%        N/A       19%         3
 Ozocubu's Armour         Ice            3%         N/A       34%         3
 Ozocubu's Refrigeration  Ice            1%         4d7       100%        7


Dungeon Overview and Level Annotations

Branches:
Dungeon (5/15)
 Temple: D:4-7

Altars:

Shops:
D:1 !

Annotations:
D:4 Eustachio


Innate Abilities, Weirdness & Mutations

You cannot wear most types of armour.
You are amphibious.
You can wear up to eight rings at the same time.
Your skin changes colour to match your surroundings (Stealth+).
Your rubbery body absorbs attacks. (AC +1, EV +1)
((You are camouflaged when in or above water. (Stealth+)))
You have tentacles for arms and can constrict up to eight enemies at once.
You have a pair of small antennae on your head.
You are clumsy. (Dex -2)
Your flesh is cold resistant. (rC+)
You have hidden genetic potential.


Message History

The gnoll hits you with a +0 whip.
Unknown command.
The gnoll bouda calls upon its god to heal the gnoll.
The gnoll is healed somewhat.
You hear a shout!
Casting: Searing Ray (safe; 2% risk of failure)
Confirm with . or Enter, or press ? or * to list all spells.
Aiming: Searing Ray (safe; 2% risk of failure)
Press: ? - help, Shift-Dir - straight line, f/p - gnoll
Aim: a gnoll, wielding a +0 whip (black smoke, lightly wounded, 81% to hit)
The searing ray hits the gnoll.
The gnoll is heavily wounded. (Press . to maintain the ray.)
The gnoll hits you with a +0 whip.
The searing ray hits the gnoll!
You kill the gnoll!
The gnoll bouda barks out a call to the hunt!
You hear a shout!
A gnoll comes into view.
It is wielding a +0 spear and carrying a wand of iceblast (10).
The gnoll bouda gazes fiercely through you!
You feel your attacks grow feeble.
There is an open door here.
The gnoll bouda gazes fiercely through you!
You feel as though you will be weak longer.
You close the door.
A gnoll bouda opens the door.
The gnoll bouda gazes fiercely through you!
You feel as though you will be weak longer.
The gnoll bouda gazes fiercely through you!
You feel as though you will be weak longer.
The gnoll bouda gazes fiercely through you!
You feel as though you will be weak longer.
The gnoll bouda gazes fiercely through you!
You feel as though you will be weak longer.
The gnoll zaps a wand.
The mass of ice explodes!
The iceblast engulfs you! You partially resist.
* * * LOW HITPOINT WARNING * * *
The gnoll bouda barks out a call to the hunt!
The gnoll zaps a wand.
The mass of ice explodes!
The iceblast engulfs you! You partially resist.
You die...

##..# #..## #.#
###+### #...# ##..##
#g# #.... ....#
###.## #.# ##...
....# ##.## #.##
##... ....#########
##.###..####....
............##
#..............
......####...###
##gg.).....####
..#####
###...####...########
# ..# ###..@....##
..# ######### .##
#### [# #... ## ####
#


You could see a gnoll (swift).

Vanquished Creatures
  A centaur (D:5)
  A scorpion (D:4)
  A gnoll (D:5)
  6 adders
  2 worms
  3 dart slugs
  4 orcs
  6 endoplasms
  4 giant cockroaches
  3 goblins
  8 hobgoblins
  2 jackals (D:1)
  5 quokkas
  6 ball pythons
  2 bats
  A frilled lizard (D:3)
  2 kobolds (D:1)
  5 rats
62 creatures vanquished.

Notes
Turn   | Place    | Note
-------+----------+-------------------------------------------
     0 | D:1      | KamiKatze the Octopode Conjurer began the quest for the
                  | Orb.
     0 | D:1      | Reached XP level 1. HP: 11/11 MP: 3/3
   185 | D:1      | Reached XP level 2. HP: 14/17 MP: 3/5
   188 | D:1      | Learned a level 2 spell: Searing Ray
   298 | D:1      | Found Heybig's Distillery.
   558 | D:1      | Reached XP level 3. HP: 21/21 MP: 4/6
   697 | D:1      | Found a faded altar of an unknown god.
  1106 | D:2      | Reached skill level 1 in Translocations
  1282 | D:2      | Reached XP level 4. HP: 27/27 MP: 0/8
  1315 | D:2      | Learned a level 4 spell: Fulminant Prism
  1698 | D:2      | Gained mutation: Your magical capacity is low. (-10% MP)
                  | [potion of mutation]
  1698 | D:2      | Gained mutation: You are agile. (Dex +4, Str/Int -1)
                  | [potion of mutation]
  1699 | D:2      | Lost mutation: Your magical capacity is low. (-10% MP)
                  | [potion of mutation]
  1699 | D:2      | Lost mutation: You are agile. (Dex +4, Str/Int -1) [potion
                  | of mutation]
  1699 | D:2      | Gained mutation: You are frail. (-10% HP) [potion of
                  | mutation]
  1699 | D:2      | Gained mutation: You possess an exceptional clarity of
                  | mind. [potion of mutation]
  1700 | D:2      | Lost mutation: You are frail. (-10% HP) [potion of
                  | mutation]
  1700 | D:2      | Lost mutation: You possess an exceptional clarity of mind.
                  | [potion of mutation]
  1700 | D:2      | Gained mutation: Your muscles are strong. (Str +4, Int/Dex
                  | -1) [potion of mutation]
  1700 | D:2      | Gained mutation: You passively map a small area around you.
                  | [potion of mutation]
  1769 | D:3      | Lost mutation: You passively map a small area around you.
                  | [potion of mutation]
  1769 | D:3      | Lost mutation: Your muscles are strong. (Str +4, Int/Dex
                  | -1) [potion of mutation]
  1769 | D:3      | Gained mutation: You are clumsy. (Dex -2) [potion of
                  | mutation]
  1769 | D:3      | Gained mutation: Your flesh is cold resistant. (rC+)
                  | [potion of mutation]
  1769 | D:3      | Gained mutation: You have hidden genetic potential. [potion
                  | of mutation]
  1782 | D:3      | Reached skill level 1 in Hexes
  2187 | D:1      | Bought a potion of curing for 36 gold pieces
  2187 | D:1      | Bought a potion of heal wounds for 60 gold pieces
  2187 | D:1      | Bought a potion of flight for 36 gold pieces
  2294 | D:3      | Reached skill level 1 in Throwing
  2415 | D:4      | Reached XP level 5. HP: 27/31 MP: 1/9
  2545 | D:4      | Gained mutation: You have a pair of small antennae on your
                  | head. [hidden potential]
  2966 | D:4      | Noticed Eustachio
  3717 | D:5      | Entered Level 5 of the Dungeon
  3808 | D:5      | Identified the +7 sling of the Eggplant {venom, Will-
                  | Str+6}
  3889 | D:5      | Noticed a centaur
  3950 | D:5      | Killed a centaur
  3951 | D:5      | Reached XP level 6. HP: 12/36 MP: 5/11
  3958 | D:5      | Learned a level 4 spell: Iskenderun's Mystic Blast
  4152 | D:5      | Killed from afar by a gnoll

Illustrated notes

Levels and vault maps discovered:
D:1:      lightli_iron_boxes, layout_basic, serial_shops,
          nicolae_shop_hallway_plus, ebering_ecumenical_altar_box
D:2:      layout_basic, hangedman_decor_clover_reticule
D:3:      layout_basic, dreamdust_princess_bridge
D:4:      layout_layer_cave, minmay_statues_item, uniq_eustachio
D:5:      nicolae_BIG_FREAKIN_CUBE, layout_layer_cave, kennysheep_flooded_box

Skill      XL: |  1  2  3  4  5 |
---------------+----------------+-----
Stealth        | 3 4 |  4.0
Translocations | 1 |  1.9
Hexes          | 1 |  1.8
Throwing       | 1 2 |  2.0
Spellcasting   | 3 |  3.4
Dodging        | |  2.8
Conjurations   | |  4.5

Action                   |  1- 3 |  4- 6 || total
-------------------------+-------+-------++-------
Melee: Dagger            |    12 |     9 ||    21
       Tentacles         |     4 |     1 ||     5
       Constrict         |     4 |     1 ||     5
 Cast: Magic Dart        |    59 |    43 ||   102
       Searing Ray       |     3 |    11 ||    14
  Use: Scroll            |     4 |     6 ||    10
       Potion            |       |     4 ||     4
 Stab: Sleeping          |     1 |     3 ||     4
Dodge: Dodged            |     9 |    26 ||    35
